Map: Ascension to Aiur LE

Players

DnS

  • Race: Protoss Protoss
  • Spawn Location: 5:00

Serral - Winner!

  • Race: Zerg Zerg
  • Spawn Location: 11:00

Event: WCS Montreal 2017

VOD

Have the link to the VOD?

Description

Time

  • Played on: Sept. 8, 2017, 7 p.m.
  • Length: 10:30

All games in this series

Show
View Real Time Build Order
Export as new Build Order

DnS Protoss 

Build Orders: 1 Gate Expand, Oracle Opening, Phoenix Opening, Archon Immortal, Zealot Archon, Archon Drop 

Get SALT Encoding   

  12  0:00  Probe (Chrono Boost)  
  13  0:11  Probe (Chrono Boost)  
  14  0:17  Pylon  
  14  0:21  Probe (Chrono Boost)  
  16  0:35  Probe (Chrono Boost)  
  16  0:38  Gateway  
  16  0:46  Probe (Chrono Boost)  
  16  0:47  Assimilator  
  17  0:56  Probe (Chrono Boost)  
  18  1:07  Probe (Chrono Boost)  
  19  1:19  Nexus  
  19  1:22  Probe (Chrono Boost)  
  20  1:33  Cybernetics Core  
  20  1:36  Probe (Chrono Boost)  
  21  1:41  Assimilator  
  21  1:46  Probe (Chrono Boost)  
  22  1:49  Pylon  
  22  1:57  Probe (Chrono Boost)  
  23  2:07  Probe  
  24  2:09  Warp Gate, Adept (Chrono Boost)  
  26  2:19  Probe  
  27  2:30  Probe  
  27  2:35  Stargate  
  30  2:37  Adept (Chrono Boost)  
  30  2:39  Probe  
  30  2:43  Probe (Chrono Boost)  
  32  2:51  Probe (Chrono Boost)  
  32  2:55  Probe (Chrono Boost)  
  34  3:02  Probe (Chrono Boost)  
  37  3:05  Adept  
  37  3:06  Probe (Chrono Boost)  
  39  3:13  Probe (Chrono Boost)  
  39  3:16  Probe (Chrono Boost)  
  39  3:18  Gateway, Pylon  
  40  3:21  Oracle (Chrono Boost)  
  40  3:23  Probe (Chrono Boost)  
  40  3:25  Probe (Chrono Boost)  
  45  3:29  Gateway  
  45  3:35  Probe x2  
  45  3:41  Assimilator x2  
  47  3:46  Probe  
  47  3:47  Probe  
  49  3:53  Phoenix (Chrono Boost)  
  51  3:55  Pylon  
  51  3:56  Probe  
  51  3:59  Probe  
  53  4:03  Robotics Facility  
  53  4:07  Probe  
  54  4:11  Twilight Council  
  54  4:13  Probe  
  54  4:14  Forge  
  56  4:25  Probe  
  56  4:36  Charge  
  56  4:42  Mothership Core  
  56  4:44  Pylon  
  58  4:49  Protoss Ground Weapons Level 1 (Chrono Boost), Nexus  
  58  4:53  Warp Prism  
  58  4:55  Pylon  
  57  5:04  Adept x2  
  57  5:15  Gateway  
  57  5:17  Gateway  
  57  5:23  Templar Archives  
  57  5:24  Gateway  
  57  5:25  Gateway  
  57  5:33  Gateway  
  57  5:37  Gateway  
  57  5:41  Gateway  
  57  5:42  Probe  
  58  5:43  Probe  
  59  5:51  Zealot x2  
  59  5:52  Zealot  
  59  5:56  Probe x2  
  67  5:59  Pylon  
  67  6:07  Probe  
  67  6:09  Probe  
  67  6:10  Pylon  
  69  6:15  High Templar x2  
  73  6:19  Archon  
  73  6:20  High Templar x2, Zealot  
  73  6:21  Probe  
  73  6:22  Probe x2  
  82  6:26  Archon  
  82  6:34  Protoss Ground Weapons Level 2 (Chrono Boost), Probe x2, High Templar x2  
  82  6:35  Probe  
  82  6:38  Archon  
  89  6:44  Probe  
  89  6:46  Probe  
  91  6:47  Probe  
  91  6:48  Zealot x4  
  91  6:53  Zealot x2  
  86  7:10  Probe  
  86  7:11  Probe  
  86  7:12  Probe  
  83  7:17  High Templar x2, Zealot x4  
  83  7:18  Zealot x2  
  83  7:21  Archon  
  83  7:22  Probe  
  99  7:23  Probe  
  99  7:24  Probe  
  99  7:25  Assimilator  
  99  7:26  Assimilator, Immortal (Chrono Boost)  
  106  7:31  Pylon  
  106  7:32  Pylon  
  106  7:33  Probe  
  106  7:35  Probe  
  100  7:50  Probe  
  100  7:51  High Templar x2, Zealot x4  
  87  7:52  Zealot x2  
  87  7:55  Archon  
  99  7:58  Probe, Psionic Storm  
  99  8:01  Immortal (Chrono Boost)  
  104  8:08  Probe  
  104  8:09  Pylon  
  105  8:14  High Templar  
  105  8:15  Pylon  
  105  8:18  Pylon  
  105  8:19  Zealot x2  
  111  8:20  Zealot x2  
  111  8:22  High Templar  
  117  8:32  High Templar  
  117  8:34  Immortal  
  119  8:36  Probe  
  124  8:46  High Templar  
  124  8:48  Zealot x5  
  127  9:00  Zealot  
  127  9:09  Zealot x3  
  126  9:14  Zealot x2  
  126  9:15  Immortal  
  109  9:17  Zealot  
  109  9:18  Probe x3  
  113  9:30  Probe x3  
  111  9:42  Probe x2, Pylon  
  111  9:44  Probe  
  111  9:46  Zealot  
  111  9:47  Zealot  
  111  9:49  Pylon  
  114  9:54  Pylon  
  114  10:05  High Templar  
  120  10:10  High Templar x2  
  120  10:11  High Templar x2  
  113  10:14  Archon  
  113  10:15  Archon  
  80  10:27  Archon x2  
Show
View Real Time Build Order
Export as new Build Order

Serral Zerg - Winner!

Build Orders: Hatch First 

Get SALT Encoding   

  12  0:00  Drone  
  13  0:12  Overlord  
  13  0:17  Drone  
  14  0:31  Drone x2  
  14  0:34  Drone  
  17  0:52  Hatchery  
  17  0:55  Drone  
  17  0:58  Drone  
  18  1:09  Extractor  
  17  1:12  Spawning Pool  
  17  1:16  Drone  
  17  1:19  Drone  
  18  1:27  Drone  
  19  1:39  Overlord  
  19  1:49  Drone  
  20  1:59  Queen  
  20  2:00  Zergling x2  
  23  2:03  Queen  
  23  2:04  Zergling x2  
  26  2:08  Metabolic Boost  
  26  2:10  Drone  
  26  2:15  Drone  
  28  2:23  Drone  
  28  2:26  Drone  
  30  2:33  Drone  
  31  2:37  Hatchery  
  31  2:41  Drone  
  31  2:46  Queen  
  33  2:52  Overlord  
  33  2:54  Drone  
  33  2:56  Drone  
  35  2:59  Drone  
  35  3:09  Overlord  
  35  3:11  Zergling x2  
  36  3:13  Drone x4  
  36  3:15  Drone  
  36  3:18  Drone  
  42  3:27  Queen  
  42  3:28  Overlord  
  42  3:29  Drone  
  42  3:32  Drone  
  47  3:34  Drone  
  47  3:38  Spore Crawler  
  47  3:39  Drone  
  47  3:40  Drone x2  
  49  3:44  Spore Crawler  
  49  3:47  Zergling x4  
  50  3:52  Evolution Chamber  
  49  3:55  Queen  
  49  3:57  Drone  
  49  4:00  Drone x2  
  49  4:02  Zergling x2  
  55  4:09  Overlord, Drone  
  57  4:10  Drone  
  57  4:15  Zergling x2  
  57  4:17  Drone x2  
  60  4:18  Zerg Melee Weapons Level 1  
  60  4:23  Spore Crawler  
  57  4:25  Overlord  
  57  4:26  Drone x2  
  57  4:27  Drone  
  57  4:30  Drone x2  
  62  4:32  Overlord  
  62  4:38  Overlord  
  62  4:40  Drone x2  
  62  4:41  Overlord  
  64  4:47  Overlord  
  64  4:49  Drone x2  
  64  4:52  Baneling Nest  
  64  4:53  Drone x2  
  66  5:06  Lair  
  66  5:07  Hatchery  
  64  5:08  Extractor  
  64  5:09  Extractor x2, Zergling x4  
  64  5:10  Zergling x2  
  64  5:13  Overlord  
  64  5:15  Drone x2  
  64  5:17  Drone  
  64  5:18  Drone  
  64  5:19  Drone  
  67  5:21  Overlord  
  67  5:23  Drone  
  67  5:28  Overlord  
  68  5:29  Drone x2  
  68  5:31  Zergling x6  
  68  5:34  Drone x2  
  75  5:36  Drone  
  75  5:38  Drone  
  75  5:40  Drone  
  75  5:42  Drone  
  79  5:44  Overlord  
  79  5:45  Extractor x2, Drone x2  
  79  5:48  Zergling x4  
  81  5:51  Zergling x4  
  81  5:54  Drone  
  81  5:56  Drone x2  
  86  5:57  Drone  
  87  6:04  Drone x2  
  87  6:06  Centrifical Hooks  
  87  6:08  Hydralisk Den  
  87  6:09  Zergling x2  
  89  6:12  Overlord  
  89  6:13  Zergling x2  
  89  6:14  Zergling x2  
  89  6:17  Zergling x10  
  96  6:21  Queen  
  98  6:27  Overlord  
  98  6:29  Zerg Melee Weapons Level 2  
  98  6:32  Baneling x9  
  98  6:35  Zergling x6  
  98  6:39  Muscular Augments  
  101  6:43  Baneling x5  
  101  6:45  Baneling  
  101  6:48  Zergling x12  
  101  6:50  Baneling x2  
  101  6:51  Baneling  
  92  7:03  Zergling x24  
  98  7:10  Zergling x6  
  99  7:16  Hydralisk x4  
  99  7:22  Hydralisk x3  
  107  7:27  Baneling  
  107  7:28  Baneling x6  
  113  7:33  Hydralisk x3  
  114  7:48  Hydralisk x6  
  122  7:52  Zergling x10  
  127  8:00  Zergling x8  
  127  8:01  Zergling x2  
  127  8:04  Baneling x3  
  127  8:05  Baneling x4  
  132  8:09  Drone x2  
  132  8:10  Drone  
  132  8:11  Drone  
  136  8:19  Hydralisk x3  
  140  8:22  Overlord  
  142  8:28  Overlord  
  142  8:31  Drone  
  142  8:32  Overlord  
  143  8:35  Overlord  
  143  8:37  Baneling x3  
  143  8:38  Baneling  
  143  8:46  Zergling x6  
  143  8:48  Drone x3  
  146  8:49  Drone  
  146  8:52  Zergling x12  
  146  8:53  Zergling x2  
  146  9:11  Zergling x2  
  146  9:12  Zergling x18  
  152  9:17  Zergling x2  
  152  9:18  Zergling x10  
  152  9:22  Hatchery  
  152  9:24  Zergling x8  
  158  9:29  Baneling x14  
  160  9:34  Drone x3  
  160  9:36  Drone, Zergling x2  
  160  9:37  Zergling x14  
  160  9:38  Infestation Pit  
  168  9:42  Zergling x6  
  168  9:45  Zergling x2  
  170  9:50  Baneling  
  170  9:51  Baneling x23  
  169  9:57  Hydralisk  
  169  9:59  Overlord  
  171  10:00  Overlord x3  
  171  10:01  Overlord  
  171  10:02  Zergling x4  
  170  10:11  Zergling x14  
Tags
 
Add a new tag
Caveats
  • Supply blocks, unpowered buildings, or Contaminate may cause inaccurate times.
  • Supply counts are checked every 10 seconds.